AoeStats
← MZTK | GaboxNet .i.

Arabia

504701029Analyzed
1v1 RM · 25d ago on Sep 6, 2026· 40m 23s· 2 players
Game mode
Random Map
Map size
Tiny (2 player)
Population
200
Speed
Normal
Resources
Standard
Victory
Conquest
Starting age
Dark Age
Ending age
Imperial Age
RankedLock teamsTeams togetherTeam positionsShared explorationLock speedFull tech treeHidden civsTurbo modeCheats
Victory
Defeat
🇫🇷 Persians · France
1144
+17
🇲🇽 Malians · Mexico
1173
-17
Heseldar
6:31 Loom
9:13 Feudal Age
22:12 Castle Age
20:33 Double-Bit Axe
20:31 Horse Collar
20:44 Gold Mining
21:55 Fletching
25:49 Wheelbarrow
25:27 Bow Saw
25:22 Heavy Plow
25:40 Scale Barding Armor
25:46 Forging
26:33 Bloodlines
28:14 Chain Barding Armor
30:33 Hand Cart
30:58 Iron Casting
32:56 Stone Mining
35:13 Husbandry
38:57 Imperial Age
39:16 Cavalier
MZTK | GaboxNet .i.
9:58 Feudal Age
10:33 Loom
10:10 Man-at-Arms
14:01 Arson
15:03 Double-Bit Axe
22:14 Castle Age
24:35 Bloodlines
25:15 Scale Barding Armor
26:01 Forging
26:14 Bow Saw
27:26 Wheelbarrow
28:10 Husbandry
29:09 Horse Collar
30:05 Gold Mining
31:44 Scale Mail Armor
33:26 Iron Casting
33:16 Heavy Plow
33:38 Chain Mail Armor
42:03 Imperial Age
Connection lost

Rejoining the realm…

Still unreachable

The connection could not be restored.

Session expired

The server has moved on; the page needs a fresh start.